[Event "DVM U12 2024"]
[Site "Heidelberg"]
[Date "2024.12.29"]
[Round "5"]
[White "Shen, Tingrui"]
[Black "Kovalskyy, Alicia"]
[Result "1-0"]
[ECO "D37"]
[WhiteElo "2164"]
[BlackElo "1758"]
[Annotator "ChessBase"]
[PlyCount "69"]
[EventDate "2024.12.23"]
[EventType "team-tourn"]
[EventRounds "7"]
[EventCountry "GER"]
[SourceTitle "playchess.com"]
[Source "ChessBase"]
[SourceQuality "1"]
[TimeControl "40/5400+30:1800+30"]

1. Nf3 d5 2. d4 Nf6 3. c4 e6 4. Nc3 Be7 5. Bf4 a6 6. e3 O-O 7. h3 Nbd7 8. c5 Ne4 9. Nxe4 dxe4 10. Ne5 Nxe5 11. Bxe5 f6 12. Bh2 b6 13. b4 a5 14. a3 Bb7 15. Be2 Qd7 16. O-O axb4 17. axb4 Rxa1 18. Qxa1 Ra8 19. Qc3 bxc5 20. bxc5 Bd5 21. Ra1 Rxa1+ 22. Qxa1 c6 23. Bg3 Qb7 24. Qa5 Kf7 25. Ba6 Qd7 26. Qb6 Kg6 27. Qb8 Kf7 28. Bc8 Qe8 29. Qb7 e5 30. dxe5 fxe5 31. Bd7 Qf8 32. Bxe5 Kg6 33. Bxc6 Bf6 34. Bd6 Bxc6 35. Qxc6 1-0

[Event "DVM U12 2024"]
[Site "Heidelberg"]
[Date "2024.12.29"]
[Round "5"]
[White "Sutharjan, Dakxwin"]
[Black "Sun, Christopher"]
[Result "1/2-1/2"]
[ECO "C09"]
[WhiteElo "1917"]
[BlackElo "1723"]
[Annotator "NA"]
[PlyCount "57"]
[EventDate "2024.12.23"]
[EventType "team-tourn"]
[EventRounds "7"]
[EventCountry "GER"]
[SourceTitle "playchess.com"]
[Source "ChessBase"]
[SourceQuality "1"]
[TimeControl "40/5400+30:1800+30"]

1. e4 e6 2. d4 d5 3. Nd2 c5 4. Ngf3 Nc6 5. exd5 exd5 6. dxc5 Bxc5 7. Nb3 Be7 8. Be2 Nf6 9. O-O O-O 10. Bg5 Bf5 11. Nbd4 Bg6 12. c3 a6 13. Re1 Qc7 14. Bd3 Rad8 15. Nxc6 bxc6 16. Bxa6 Qa7 17. Bd3 Bc5 18. Bh4 Rde8 19. Bxg6 hxg6 20. Rxe8 Rxe8 21. Qc2 Qa6 22. b4 Re2 23. Qb3 Bb6 24. a4 Qd3 25. Rd1 Qe4 26. Rf1 Ng4 27. h3 Nxf2 28. Bxf2 Bxf2+ 29. Kh1 1/2-1/2

[Event "DVM U12 2024"]
[Site "Heidelberg"]
[Date "2024.12.29"]
[Round "5"]
[White "Engelhaupt, Henry"]
[Black "Berndt, Ronson"]
[Result "0-1"]
[ECO "B43"]
[WhiteElo "1905"]
[BlackElo "1812"]
[Annotator "NA RC"]
[PlyCount "190"]
[EventDate "2024.12.23"]
[EventType "team-tourn"]
[EventRounds "7"]
[EventCountry "GER"]
[SourceTitle "playchess.com"]
[Source "ChessBase"]
[SourceQuality "1"]
[TimeControl "40/5400+30:1800+30"]

1. e4 c5 2. Nf3 e6 3. d4 cxd4 4. Nxd4 a6 5. Nc3 Qc7 6. Bd3 Bc5 7. Nb3 Ba7 8. Qe2 Nc6 9. f4 d6 10. Be3 Bxe3 11. Qxe3 Nf6 12. a3 b5 13. Rd1 Rb8 14. O-O O-O 15. h3 Ne7 16. Kh1 Qb6 17. Qxb6 Rxb6 18. g3 Bb7 19. Kh2 Rc8 20. Nd2 d5 21. e5 Nd7 22. Nb3 Nc5 23. Nxc5 Rxc5 24. Na2 Rc8 25. c3 Nc6 26. b4 Ne7 27. Rf2 Rbc6 28. g4 Rf8 29. h4 f6 30. exf6 Rxf6 31. Kg3 Rf8 32. h5 Nc8 33. Bc2 Nb6 34. Bb3 Nc4 35. Bxc4 Rxc4 36. Rd4 Rfc8 37. Rfd2 Kf7 38. Rxc4 Rxc4 39. Rd4 Rc7 40. Kf3 Kf6 41. Ke3 Re7 42. Rd1 e5 43. f5 Kg5 44. Rg1 Rc7 45. Kd3 e4+ 46. Kd2 Kf4 47. Nc1 Kf3 48. Ne2 e3+ 49. Kd3 Kf2 50. Rg3 Re7 51. Rh3 d4 52. Rh2+ Kf1 53. Kxd4 Bg2 54. Kd3 Rd7+ 55. Kxe3 Re7+ 56. Kd4 Rxe2 57. h6 Re4+ 58. Kc5 Rxg4 59. hxg7 Rxg7 60. Kb6 Bb7 61. Ka5 Rf7 62. a4 bxa4 63. Kxa4 Bc8 64. Rh6 Ke2 65. f6 Kd3 66. Ka5 Kxc3 67. b5 axb5 68. Kxb5 Bf5 69. Kc5 Bg6 70. Rh3+ Kd2 71. Rf3 Ke2 72. Rf4 Ke3 73. Rf1 Bd3 74. Re1+ Kf4 75. Kd4 Rd7+ 76. Kc3 Bg6 77. Re2 Kg5 78. Rf2 Rf7 79. Kd4 Rxf6 80. Rg2+ Kh6 81. Ke3 Ra6 82. Kf4 Ra5 83. Rb2 Kg7 84. Rb7+ Bf7 85. Kg3 Ra4 86. Rd7 Kf6 87. Rd6+ Be6 88. Rb6 h5 89. Rb8 Kg5 90. Rb7 Ra3+ 91. Kh2 Bg4 92. Rb4 Kh4 93. Kg2 Ra2+ 94. Kg1 Kg3 95. Rb1 Rd2 0-1

[Event "DVM U12 2024"]
[Site "Heidelberg"]
[Date "2024.12.29"]
[Round "5"]
[White "Fadeev, Justin Michael"]
[Black "Tu, Audrey"]
[Result "1/2-1/2"]
[ECO "C54"]
[WhiteElo "1894"]
[BlackElo "1734"]
[Annotator "NA"]
[PlyCount "50"]
[EventDate "2024.12.23"]
[EventType "team-tourn"]
[EventRounds "7"]
[EventCountry "GER"]
[SourceTitle "playchess.com"]
[Source "ChessBase"]
[SourceQuality "1"]
[TimeControl "40/5400+30:1800+30"]

1. e4 e5 2. Nf3 Nc6 3. d4 exd4 4. Bc4 Bc5 5. c3 Nf6 6. e5 d5 7. Bb5 Ne4 8. cxd4 Bb6 9. Be3 Bg4 10. h3 Bh5 11. Nc3 O-O 12. Qc2 Nxc3 13. bxc3 f6 14. Bxc6 bxc6 15. exf6 Qxf6 16. Ne5 Be8 17. O-O c5 18. f4 c4 19. g4 c6 20. Kg2 Bc7 21. Rf2 Qe7 22. Re1 Bxe5 23. dxe5 c5 24. Ree2 Bc6 25. Kg1 Qh4 1/2-1/2

[Event "DVM U12 2024"]
[Site "Heidelberg"]
[Date "2024.12.29"]
[Round "5"]
[White "Kraus, Linus"]
[Black "Gersemann, Karl"]
[Result "0-1"]
[ECO "E05"]
[WhiteElo "1803"]
[BlackElo "2012"]
[Annotator "NA"]
[PlyCount "74"]
[EventDate "2024.12.23"]
[EventType "team-tourn"]
[EventRounds "7"]
[EventCountry "GER"]
[SourceTitle "playchess.com"]
[Source "ChessBase"]
[SourceQuality "1"]
[TimeControl "40/5400+30:1800+30"]

1. Nf3 Nf6 2. g3 e6 3. Bg2 d5 4. d4 Be7 5. c4 O-O 6. Qc2 dxc4 7. O-O b5 8. a4 b4 9. Bg5 Nbd7 10. Qxc4 a5 11. Bxf6 Nxf6 12. b3 Ba6 13. Qc2 Rc8 14. Ra2 c5 15. dxc5 Bxc5 16. Qd1 Qb6 17. Ne5 Bd6 18. Nd7 Nxd7 19. Rd2 Bxg3 20. hxg3 Nc5 21. Rd6 Qb8 22. Bf3 Rfd8 23. Rxd8+ Rxd8 24. Qc2 Qe5 25. Rc1 Rc8 26. Nd2 f5 27. Nc4 Qc7 28. e4 Nxb3 29. Qxb3 Bxc4 30. Qc2 Qb7 31. Qd1 fxe4 32. Bg4 Kf7 33. Qd6 Bd5 34. Re1 Qc7 35. Qa6 Bc4 36. Bxe6+ Bxe6 37. Rxe4 Bc4 0-1

[Event "DVM U12 2024"]
[Site "Heidelberg"]
[Date "2024.12.29"]
[Round "5"]
[White "Vu Hoang Bach"]
[Black "Zimmer, Tim"]
[Result "1-0"]
[ECO "E14"]
[WhiteElo "1779"]
[BlackElo "1846"]
[Annotator "NA"]
[PlyCount "77"]
[EventDate "2024.12.23"]
[EventType "team-tourn"]
[EventRounds "7"]
[EventCountry "GER"]
[SourceTitle "playchess.com"]
[Source "ChessBase"]
[SourceQuality "1"]
[TimeControl "40/5400+30:1800+30"]

1. b3 Nf6 2. Bb2 d5 3. e3 e6 4. Nf3 Be7 5. c4 O-O 6. Nc3 b6 7. cxd5 exd5 8. d4 Bb7 9. Be2 Nbd7 10. O-O Ne4 11. Rc1 a6 12. Qc2 Rc8 13. Ne5 Bd6 14. Nxe4 dxe4 15. Nc4 Be7 16. Rfd1 f5 17. Ne5 b5 18. Nc6 Qe8 19. Nxe7+ Qxe7 20. g3 Bd5 21. Qd2 Rf7 22. Qa5 Nb8 23. Rc5 c6 24. Rdc1 Re8 25. a4 Bxb3 26. axb5 axb5 27. d5 Bxd5 28. Bxb5 Qd8 29. Qd2 Rd7 30. Ba4 Bb3 31. Bxb3+ Kh8 32. Qc3 Ree7 33. Rxf5 Rd3 34. Qc4 Nd7 35. Bc2 Rd2 36. Bd4 c5 37. Bxc5 Nxc5 38. Rxc5 Rxf2 39. Rc8 1-0

[Event "DVM U12 2024"]
[Site "Heidelberg"]
[Date "2024.12.29"]
[Round "5"]
[White "Tryk, Paul-Luca"]
[Black "El Guettabi, Anas"]
[Result "1-0"]
[ECO "C02"]
[WhiteElo "1777"]
[BlackElo "1067"]
[Annotator "NA"]
[PlyCount "111"]
[EventDate "2024.12.23"]
[EventType "team-tourn"]
[EventRounds "7"]
[EventCountry "GER"]
[SourceTitle "playchess.com"]
[Source "ChessBase"]
[SourceQuality "1"]
[TimeControl "40/5400+30:1800+30"]

1. e4 e6 2. d4 d5 3. e5 c5 4. c3 Ne7 5. Nf3 Nbc6 6. Na3 Qb6 7. Be2 cxd4 8. cxd4 Nf5 9. Nc2 Bb4+ 10. Kf1 Bd7 11. a3 Be7 12. b4 a6 13. Bb2 O-O-O 14. Ne3 Nh4 15. Nxh4 Bxh4 16. g3 Be7 17. Kg2 f6 18. Rc1 Kb8 19. Qd2 Be8 20. Rhd1 fxe5 21. dxe5 Bg5 22. f4 Bh6 23. Bd4 Nxd4 24. Qxd4 Qxd4 25. Rxd4 g5 26. Ng4 Bf8 27. Nf6 Be7 28. fxg5 Bxf6 29. gxf6 Rg8 30. Bd3 h6 31. h3 Bg6 32. Bxg6 Rxg6 33. h4 Rdg8 34. Rc3 h5 35. a4 b6 36. a5 b5 37. Kh3 Kb7 38. Kg2 Kb8 39. Kf2 Kb7 40. Ke2 Kb8 41. Rf4 Kb7 42. f7 Rf8 43. Rcf3 Kc7 44. Kd3 Rg7 45. Kd4 Kc6 46. Rf6 Rg4+ 47. R3f4 Rg7 48. Rxe6+ Kd7 49. Rxa6 Kc7 50. e6 Kd8 51. Ra8+ Ke7 52. Rxf8 Kxf8 53. e7+ Kxe7 54. f8=Q+ Kd7 55. Qxg7+ Kc8 56. Rf8# 1-0

[Event "DVM U12 2024"]
[Site "Heidelberg"]
[Date "2024.12.29"]
[Round "5"]
[White "Mao, Leo"]
[Black "Beier, Martin"]
[Result "1/2-1/2"]
[ECO "D05"]
[WhiteElo "1752"]
[BlackElo "1705"]
[Annotator "NA"]
[PlyCount "80"]
[EventDate "2024.12.23"]
[EventType "team-tourn"]
[EventRounds "7"]
[EventCountry "GER"]
[SourceTitle "playchess.com"]
[Source "ChessBase"]
[SourceQuality "1"]
[TimeControl "40/5400+30:1800+30"]

1. Nf3 e6 2. d4 d5 3. e3 Nf6 4. Bd3 Bd6 5. Nbd2 c5 6. c3 O-O 7. O-O b6 8. e4 dxe4 9. Nxe4 Bb7 10. Bg5 cxd4 11. Nxf6+ gxf6 12. Bh6 Re8 13. Nxd4 f5 14. Qh5 Qf6 15. Nb5 Rd8 16. Bg5 Qg7 17. g3 Rd7 18. Rfd1 Nc6 19. Bxf5 Ne5 20. Bh6 Qf6 21. Bxh7+ Kh8 22. Nxd6 Bf3 23. Qh3 Bg4 24. Ne4 Qf3 25. Qf1 Rxd1 26. Rxd1 Qxd1 27. Qxd1 Bxd1 28. Nf6 Bf3 29. Bc2 Rd8 30. Bf4 Nd3 31. Bc7 Rc8 32. Bxd3 Rxc7 33. Kf1 e5 34. Be4 Bxe4 35. Nxe4 f5 36. Nd2 Kg7 37. Ke2 Kg6 38. h3 a5 39. Nf3 e4 40. Nd4 Kf6 1/2-1/2

[Event "DVM U12 2024"]
[Site "Heidelberg"]
[Date "2024.12.29"]
[Round "5"]
[White "Teng, David"]
[Black "Lange, Fynn Jeremy"]
[Result "1/2-1/2"]
[ECO "C54"]
[WhiteElo "1732"]
[BlackElo "1878"]
[Annotator "NA RC"]
[PlyCount "112"]
[EventDate "2024.12.23"]
[EventType "team-tourn"]
[EventRounds "7"]
[EventCountry "GER"]
[SourceTitle "playchess.com"]
[Source "ChessBase"]
[SourceQuality "1"]
[TimeControl "40/5400+30:1800+30"]

1. e4 e5 2. Nf3 Nc6 3. d4 exd4 4. Bc4 Bc5 5. c3 Nf6 6. cxd4 Bb4+ 7. Bd2 Bxd2+ 8. Nbxd2 d5 9. exd5 Nxd5 10. O-O O-O 11. Ne4 Bg4 12. Neg5 h6 13. h3 Bh5 14. Ne4 Bxf3 15. Qxf3 Nb6 16. Rac1 Nxd4 17. Qe3 Nxc4 18. Rxc4 Ne6 19. Nc5 Nxc5 20. Qxc5 c6 21. Qb4 Qc7 22. Qc3 Rad8 23. Rg4 f5 24. Rb4 Kh7 25. Qb3 b6 26. Qf3 Rf6 27. Rc1 Qe5 28. Rbc4 c5 29. b3 Rfd6 30. R4c3 Qe4 31. Qxe4 fxe4 32. Kh2 Rd2 33. R1c2 Rxc2 34. Rxc2 Kg6 35. g4 Kf6 36. Re2 Ke5 37. f3 Rd4 38. Kg3 b5 39. h4 c4 40. bxc4 bxc4 41. g5 hxg5 42. hxg5 c3 43. Kg4 Kd5 44. Kf4 exf3+ 45. Kxf3 Kc4 46. Ke3 Rg4 47. Rf2 Rxg5 48. Rf4+ Kd5 49. Kd3 Rg3+ 50. Kc2 Kc6 51. Rb4 g5 52. a4 g4 53. a5 Rg2+ 54. Kxc3 Ra2 55. Rxg4 Rxa5 56. Rb4 Rb5 1/2-1/2

[Event "DVM U12 2024"]
[Site "Heidelberg"]
[Date "2024.12.29"]
[Round "5"]
[White "Vlach, Ludwig"]
[Black "Rudolph, Simon"]
[Result "1/2-1/2"]
[ECO "B05"]
[WhiteElo "1709"]
[BlackElo "1614"]
[Annotator "NA"]
[PlyCount "76"]
[EventDate "2024.12.23"]
[EventType "team-tourn"]
[EventRounds "7"]
[EventCountry "GER"]
[SourceTitle "playchess.com"]
[Source "ChessBase"]
[SourceQuality "1"]
[TimeControl "40/5400+30:1800+30"]

1. e4 Nf6 2. e5 Nd5 3. d4 d6 4. c4 Nb6 5. Nf3 Bg4 6. exd6 exd6 7. Be2 Be7 8. Nc3 Nc6 9. h3 Bf5 10. Be3 h6 11. O-O O-O 12. a3 a5 13. d5 Nb8 14. b4 N8d7 15. Nb5 Nf6 16. Bf4 Ne4 17. c5 Nd7 18. c6 bxc6 19. dxc6 Nb6 20. Be3 Nc8 21. Qe1 axb4 22. axb4 Rxa1 23. Qxa1 Bf6 24. Nbd4 Re8 25. Qa6 Bg6 26. Nb3 Ne7 27. b5 Nd5 28. Bc4 Nxe3 29. fxe3 d5 30. Bd3 Ng3 31. Rd1 Re6 32. Bxg6 Rxe3 33. Kf2 fxg6 34. Kxg3 Rxb3 35. Kf2 Qd6 36. Kg1 Rb2 37. Qc8+ Kh7 38. Kh1 h5 1/2-1/2

[Event "DVM U12 2024"]
[Site "Heidelberg"]
[Date "2024.12.29"]
[Round "5"]
[White "Heins, Simon"]
[Black "Vartanian, Roman"]
[Result "1/2-1/2"]
[ECO "B92"]
[WhiteElo "1708"]
[BlackElo "1853"]
[Annotator "NA RC"]
[PlyCount "78"]
[EventDate "2024.12.23"]
[EventType "team-tourn"]
[EventRounds "7"]
[EventCountry "GER"]
[SourceTitle "playchess.com"]
[Source "ChessBase"]
[SourceQuality "1"]
[TimeControl "40/5400+30:1800+30"]

1. e4 c5 2. Nf3 d6 3. d4 cxd4 4. Nxd4 Nf6 5. Nc3 a6 6. f3 e5 7. Nb3 Be6 8. Be3 Be7 9. Qd2 Qc7 10. Be2 Nbd7 11. O-O O-O 12. Rfd1 b5 13. Kh1 Rfc8 14. Rac1 Nb6 15. Bxb6 Qxb6 16. Nd5 Bxd5 17. exd5 a5 18. Qd3 a4 19. Nd2 Rc5 20. Ne4 Nxe4 21. fxe4 Bg5 22. Rb1 Rac8 23. c3 a3 24. Bg4 R8c7 25. bxa3 g6 26. a4 Rxc3 27. Qxb5 Qf2 28. Qe8+ Kg7 29. Rb8 Be7 30. Rbb1 Qf4 31. Bd7 Rc1 32. Bc6 Rxb1 33. Rxb1 Qxe4 34. Rf1 Bg5 35. Qb8 Re7 36. Qxd6 Qd4 37. a5 e4 38. Qg3 Qc4 39. Rg1 h6 1/2-1/2

[Event "DVM U12 2024"]
[Site "Heidelberg"]
[Date "2024.12.29"]
[Round "5"]
[White "Botvinnik, Julius"]
[Black "Menke, Raphael Wilhelm"]
[Result "1/2-1/2"]
[ECO "E24"]
[WhiteElo "1700"]
[BlackElo "1742"]
[Annotator "NA"]
[PlyCount "49"]
[EventDate "2024.12.23"]
[EventType "team-tourn"]
[EventRounds "7"]
[EventCountry "GER"]
[SourceTitle "playchess.com"]
[Source "ChessBase"]
[SourceQuality "1"]
[TimeControl "40/5400+30:1800+30"]

1. d4 d5 2. c4 e6 3. Nc3 Bb4 4. a3 Bxc3+ 5. bxc3 Nf6 6. Bg5 Nbd7 7. cxd5 exd5 8. e3 O-O 9. Bd3 c5 10. Nf3 b6 11. O-O Bb7 12. Ne5 Qc7 13. Nxd7 Nxd7 14. Qg4 g6 15. h4 h5 16. Qh3 Kg7 17. Bf4 Qc6 18. Qg3 Rh8 19. Bf5 Bc8 20. Bc2 Ba6 21. Rfe1 Rae8 22. Bd1 Bd3 23. Bf3 Be4 24. Bxe4 Rxe4 25. Rec1 1/2-1/2

[Event "DVM U12 2024"]
[Site "Heidelberg"]
[Date "2024.12.29"]
[Round "5"]
[White "Schmidt, Jossip"]
[Black "Lu, Alexander"]
[Result "1-0"]
[ECO "B13"]
[WhiteElo "1687"]
[BlackElo "1571"]
[Annotator "NA"]
[PlyCount "65"]
[EventDate "2024.12.23"]
[EventType "team-tourn"]
[EventRounds "7"]
[EventCountry "GER"]
[SourceTitle "playchess.com"]
[Source "ChessBase"]
[SourceQuality "1"]
[TimeControl "40/5400+30:1800+30"]

1. e4 c6 2. d4 d5 3. exd5 cxd5 4. Bd3 Nc6 5. c3 Nf6 6. Bf4 e6 7. Nf3 Bd6 8. Bxd6 Qxd6 9. O-O O-O 10. Qe1 Rb8 11. Ne5 b5 12. a3 a5 13. f4 b4 14. axb4 axb4 15. Qh4 bxc3 16. bxc3 Ne7 17. Rf3 Ng6 18. Bxg6 fxg6 19. Rh3 Nh5 20. g4 Rxf4 21. Qg5 Ba6 22. Nd2 Rbf8 23. gxh5 R8f5 24. Qg2 Qb6 25. hxg6 Rxe5 26. gxh7+ Kf7 27. Qxg7+ Kxg7 28. h8=Q+ Kf7 29. Rh7+ Kg6 30. Qg7+ Kf5 31. Qxe5+ Kg6 32. Rg7+ Kh6 33. Qg5# 1-0

[Event "DVM U12 2024"]
[Site "Heidelberg"]
[Date "2024.12.29"]
[Round "5"]
[White "Tu, Tiffany"]
[Black "Leonhardt, Max"]
[Result "1-0"]
[ECO "B40"]
[WhiteElo "1670"]
[BlackElo "1735"]
[Annotator "NA"]
[PlyCount "86"]
[EventDate "2024.12.23"]
[EventType "team-tourn"]
[EventRounds "7"]
[EventCountry "GER"]
[SourceTitle "playchess.com"]
[Source "ChessBase"]
[SourceQuality "1"]
[TimeControl "40/5400+30:1800+30"]

1. e4 e6 2. Nf3 d5 3. e5 c5 4. c3 Nc6 5. Na3 a6 6. Nc2 Nge7 7. d4 Nf5 8. Bd3 g6 9. O-O c4 10. Be2 Be7 11. Ne3 Bd7 12. Qc2 h5 13. b3 b5 14. Nxf5 gxf5 15. Bf4 Rc8 16. Qd2 Rg8 17. Kh1 Na5 18. b4 Nc6 19. Rg1 a5 20. a3 Ra8 21. h3 axb4 22. axb4 Ra4 23. Rxa4 bxa4 24. Ra1 Qa8 25. Qa2 Na7 26. Bd1 Nb5 27. Bd2 a3 28. Ne1 f6 29. Bxh5+ Kd8 30. f4 Rg3 31. Kh2 Rg8 32. Nc2 fxe5 33. dxe5 d4 34. Bf3 Bc6 35. Rf1 Bh4 36. Nxd4 Nxd4 37. cxd4 Rxg2+ 38. Kxg2 Qb7 39. Bxc6 Qg7+ 40. Kh1 Qg3 41. Bg2 Qb3 42. Qxb3 cxb3 43. Bc3 b2 1-0

[Event "DVM U12 2024"]
[Site "Heidelberg"]
[Date "2024.12.29"]
[Round "5"]
[White "Thoms, Eric"]
[Black "Mi Plaza, Luis Leo Manuel"]
[Result "1-0"]
[ECO "D02"]
[WhiteElo "1666"]
[BlackElo "1702"]
[Annotator "NA"]
[PlyCount "121"]
[EventDate "2024.12.23"]
[EventType "team-tourn"]
[EventRounds "7"]
[EventCountry "GER"]
[SourceTitle "playchess.com"]
[Source "ChessBase"]
[SourceQuality "1"]
[TimeControl "40/5400+30:1800+30"]

1. d4 Nf6 2. g3 d5 3. Bg2 e6 4. Nf3 c5 5. c3 Nc6 6. O-O Be7 7. Nbd2 O-O 8. dxc5 Bxc5 9. b4 Bb6 10. a3 Bd7 11. c4 Rc8 12. c5 Bc7 13. Bb2 a6 14. Qc2 h6 15. Rfd1 b6 16. Nb3 Re8 17. Rac1 e5 18. Nfd2 d4 19. cxb6 Bxb6 20. Nc5 Bxc5 21. Qxc5 Qe7 22. Ne4 Nxe4 23. Bxe4 Qxc5 24. Rxc5 f6 25. e3 Re7 26. exd4 exd4 27. Bd5+ Kf8 28. Bxd4 Nxd4 29. Rxc8+ Bxc8 30. Rxd4 Bh3 31. Rd1 Rd7 32. Bf3 Rxd1+ 33. Bxd1 Be6 34. Be2 Bc8 35. f4 Ke7 36. Kf2 Kd6 37. Ke3 Kd5 38. Kd3 Bf5+ 39. Kc3 Bc8 40. Bf3+ Kd6 41. Kd4 Be6 42. Bb7 Kc7 43. Bxa6 Kb6 44. Bc4 Bd7 45. Kd5 Kc7 46. Kc5 Bc6 47. b5 Bb7 48. b6+ Kd7 49. a4 Ke7 50. a5 Kd7 51. a6 Bc6 52. Bb5 Bxb5 53. Kxb5 Kc8 54. b7+ Kc7 55. f5 h5 56. h4 g5 57. fxg6 f5 58. g7 f4 59. g8=Q fxg3 60. b8=Q+ Kd7 61. Qge8# 1-0

[Event "DVM U12 2024"]
[Site "Heidelberg"]
[Date "2024.12.29"]
[Round "5"]
[White "Heidtkamp, Anna"]
[Black "Serwane, Ruben"]
[Result "0-1"]
[ECO "C54"]
[WhiteElo "1663"]
[BlackElo "1799"]
[Annotator "NA"]
[PlyCount "66"]
[EventDate "2024.12.23"]
[EventType "team-tourn"]
[EventRounds "7"]
[EventCountry "GER"]
[SourceTitle "playchess.com"]
[Source "ChessBase"]
[SourceQuality "1"]
[TimeControl "40/5400+30:1800+30"]

1. e4 e5 2. Nf3 Nc6 3. Bc4 Bc5 4. c3 Nf6 5. d3 a6 6. Bb3 d6 7. O-O Bg4 8. Be3 Qd7 9. Ba4 b5 10. Bb3 O-O 11. Re1 Kh8 12. Nbd2 Ne8 13. Qb1 Bxe3 14. fxe3 f5 15. d4 Nf6 16. exf5 Bxf5 17. e4 Bg6 18. Qd1 Rae8 19. d5 Nd8 20. h3 Nh5 21. Nf1 Nb7 22. Bc2 Nf4 23. N1h2 Bh5 24. a4 Rf6 25. Bd3 Ref8 26. h4 Nxg2 27. Kxg2 Bxf3+ 28. Nxf3 Qg4+ 29. Kh1 Rxf3 30. Re2 Rh3+ 31. Rh2 Rxh2+ 32. Kxh2 Rf2+ 33. Kh1 Qg2# 0-1

[Event "DVM U12 2024"]
[Site "Heidelberg"]
[Date "2024.12.29"]
[Round "5"]
[White "Berger, Friedrich Richard"]
[Black "Wingerath, Felix"]
[Result "1-0"]
[ECO "B22"]
[WhiteElo "1658"]
[BlackElo "1753"]
[Annotator "NA"]
[PlyCount "61"]
[EventDate "2024.12.23"]
[EventType "team-tourn"]
[EventRounds "7"]
[EventCountry "GER"]
[SourceTitle "playchess.com"]
[Source "ChessBase"]
[SourceQuality "1"]
[TimeControl "40/5400+30:1800+30"]

1. e4 c5 2. d4 cxd4 3. c3 Nf6 4. e5 Nd5 5. Qxd4 e6 6. Nf3 Nc6 7. Qe4 f5 8. Qe2 b5 9. g3 Be7 10. Bg2 O-O 11. O-O a6 12. Rd1 Qc7 13. b3 Bb7 14. Bb2 f4 15. Nbd2 fxg3 16. hxg3 Rf5 17. c4 bxc4 18. Nxc4 Raf8 19. Rac1 Bg5 20. Nxg5 Rxg5 21. Ba3 Ncb4 22. Bxd5 Bxd5 23. Rxd5 Nxd5 24. Bxf8 Kxf8 25. Qb2 Qd8 26. Qa3+ Kg8 27. Nd6 Ne7 28. Qxa6 Rxe5 29. b4 h6 30. b5 Kh7 31. Nf7 1-0

[Event "DVM U12 2024"]
[Site "Heidelberg"]
[Date "2024.12.29"]
[Round "5"]
[White "Bergmann, Rafael Antonio"]
[Black "Grabowski, Joshua"]
[Result "0-1"]
[ECO "C07"]
[WhiteElo "1647"]
[BlackElo "1745"]
[Annotator "NA RC"]
[PlyCount "140"]
[EventDate "2024.12.23"]
[EventType "team-tourn"]
[EventRounds "7"]
[EventCountry "GER"]
[SourceTitle "playchess.com"]
[Source "ChessBase"]
[SourceQuality "1"]
[TimeControl "40/5400+30:1800+30"]

1. e4 e6 2. d4 d5 3. Nd2 c5 4. exd5 Qxd5 5. Ngf3 cxd4 6. Bc4 Qd6 7. O-O Nf6 8. Nb3 Nc6 9. Nbxd4 Nxd4 10. Nxd4 Be7 11. c3 O-O 12. Be3 e5 13. Nb3 Qc6 14. Qe2 Ng4 15. Bd2 Qc7 16. h3 Nf6 17. Rfe1 Nd7 18. Bb5 f6 19. Qc4+ Qxc4 20. Bxc4+ Kh8 21. f4 Bd6 22. fxe5 Nxe5 23. Bf1 Bf5 24. Nd4 Bd3 25. Bf4 Bxf1 26. Rxf1 Bc5 27. Rad1 Rad8 28. Kh1 Bxd4 29. Rxd4 Rxd4 30. cxd4 Nd3 31. Bc7 Rc8 32. Rf3 Nxb2 33. Rb3 Rxc7 34. Rxb2 Kg8 35. Kg1 Kf7 36. Kf2 Ke6 37. Ke3 b6 38. Kd3 Rd7 39. Re2+ Kd5 40. Re8 Kd6 41. Re2 Re7 42. Rc2 Re8 43. Rb2 f5 44. Rf2 g6 45. Rb2 h5 46. Rb1 Re4 47. g3 Kc6 48. a4 Re7 49. Rc1+ Kd6 50. Rb1 g5 51. Rb5 Rf7 52. Re5 h4 53. gxh4 gxh4 54. Ke3 Re7 55. Rxe7 Kxe7 56. Kf4 Kd6 57. Kxf5 Kd5 58. Kg4 a6 59. Kxh4 b5 60. axb5 axb5 61. Kg5 b4 62. h4 b3 63. Kf6 b2 64. h5 b1=Q 65. Kg7 Qg1+ 66. Kh7 Qg5 67. h6 Ke6 68. Kh8 Qg6 69. d5+ Kf7 70. d6 Qxh6# 0-1

[Event "DVM U12 2024"]
[Site "Heidelberg"]
[Date "2024.12.29"]
[Round "5"]
[White "Hendler, Maximilian"]
[Black "Liu, Kairui"]
[Result "1/2-1/2"]
[ECO "C54"]
[WhiteElo "1644"]
[BlackElo "1559"]
[Annotator "NA"]
[PlyCount "52"]
[EventDate "2024.12.23"]
[EventType "team-tourn"]
[EventRounds "7"]
[EventCountry "GER"]
[SourceTitle "playchess.com"]
[Source "ChessBase"]
[SourceQuality "1"]
[TimeControl "40/5400+30:1800+30"]

1. e4 e5 2. Nf3 Nc6 3. Bc4 Bc5 4. c3 Nf6 5. d4 exd4 6. e5 d5 7. Bb5 Ne4 8. cxd4 Bb6 9. O-O Bd7 10. Be3 O-O 11. Nbd2 Nxd2 12. Qxd2 Ne7 13. Bd3 Bf5 14. Qc2 Bxd3 15. Qxd3 Qd7 16. Ng5 Qf5 17. Qxf5 Nxf5 18. Nf3 Rac8 19. Rac1 h6 20. Rc3 Rfe8 21. g4 Nxe3 22. Rxe3 Re6 23. Rc1 Rg6 24. h3 c6 25. Kg2 Bd8 26. Rh1 Be7 1/2-1/2

[Event "DVM U12 2024"]
[Site "Heidelberg"]
[Date "2024.12.29"]
[Round "5"]
[White "Voelpel, Alexander"]
[Black "Borchert, Yuri"]
[Result "1-0"]
[ECO "C42"]
[WhiteElo "1628"]
[BlackElo "1518"]
[Annotator "NA RC"]
[PlyCount "131"]
[EventDate "2024.12.23"]
[EventType "team-tourn"]
[EventRounds "7"]
[EventCountry "GER"]
[SourceTitle "playchess.com"]
[Source "ChessBase"]
[SourceQuality "1"]
[TimeControl "40/5400+30:1800+30"]

1. e4 e5 2. Nf3 Nf6 3. Nxe5 d6 4. Nf3 Nxe4 5. Bd3 Nf6 6. h3 Be7 7. c3 O-O 8. O-O d5 9. Bc2 Nc6 10. d4 Bd6 11. Qd3 h6 12. Nbd2 Re8 13. Re1 Rxe1+ 14. Nxe1 Qe7 15. Nef3 Bd7 16. b3 Re8 17. Bb2 Ne4 18. Re1 Bf5 19. Qb5 Qd7 20. Qxb7 Nxd2 21. Rxe8+ Qxe8 22. Bxf5 Nxf3+ 23. gxf3 g6 24. Qc8 Qxc8 25. Bxc8 Ne7 26. Ba6 Nf5 27. Bb7 Ne7 28. Kf1 Kg7 29. c4 dxc4 30. bxc4 f6 31. Bc1 Nf5 32. d5 Nd4 33. Kg2 g5 34. Be3 Ne2 35. Bxa7 Nf4+ 36. Kf1 Nxh3 37. a4 Bb4 38. Bb8 Ba5 39. c5 Kf7 40. d6 cxd6 41. Bxd6 Ke6 42. Bc8+ Kd5 43. Bxh3 Kc6 44. Be6 Bc3 45. Kg2 h5 46. Kg3 Be5+ 47. Bxe5 fxe5 48. Bf7 h4+ 49. Kh3 Kxc5 50. Be8 Kb4 51. Bd7 Ka5 52. Kg4 Kb4 53. Kxg5 h3 54. Bxh3 Kxa4 55. Kf5 Kb5 56. Kxe5 Kc6 57. Ke6 Kc7 58. Ke7 Kb8 59. f4 Kc7 60. f5 Kb8 61. f6 Kc7 62. f7 Kb7 63. f8=Q Kb6 64. Qb8+ Ka6 65. Bd7 Ka5 66. Qb5# 1-0

[Event "DVM U12 2024"]
[Site "Heidelberg"]
[Date "2024.12.29"]
[Round "5"]
[White "Atar, Semih Akif"]
[Black "Vu, Khoi Nguyen"]
[Result "1-0"]
[ECO "D34"]
[WhiteElo "1624"]
[BlackElo "1730"]
[Annotator "NA"]
[PlyCount "64"]
[EventDate "2024.12.23"]
[EventType "team-tourn"]
[EventRounds "7"]
[EventCountry "GER"]
[SourceTitle "playchess.com"]
[Source "ChessBase"]
[SourceQuality "1"]
[TimeControl "40/5400+30:1800+30"]

1. c4 Nf6 2. g3 e6 3. Bg2 d5 4. Nf3 Be7 5. O-O O-O 6. cxd5 exd5 7. d4 c5 8. Bf4 Nc6 9. Nc3 b6 10. Ne5 Nxd4 11. e3 Ne6 12. Nxd5 Ba6 13. Nc6 Qe8 14. Ncxe7+ Kh8 15. Re1 Nxd5 16. Nxd5 Rd8 17. Qb3 c4 18. Qb4 Nc5 19. Nc7 Qd7 20. Nxa6 Nxa6 21. Qxc4 Nc5 22. Bf3 Rc8 23. Red1 Qh3 24. Qd4 Ne6 25. Qe5 Rc5 26. Qd6 Rfc8 27. Bb7 Rf8 28. Bd5 Rd8 29. Bxe6 Rxd6 30. Bxh3 Rxd1+ 31. Rxd1 h6 32. Bg2 Rc2 1-0